 Dungeon Crawl Stone Soup version 0.30-a0-626-gd6a5dd7a1f (webtiles) character file.

Game seed: 4196091251676473210

649 hikkokomori the Shield-Bearer (level 7, -1/58 HPs)
             Began as a Formicid Fighter on Jan 12, 2023.
             Slain by a water moccasin (5 damage)
             ... on level 5 of the Dungeon.
             The game lasted 00:04:06 (3698 turns).

hikkokomori the Shield-Bearer (Formicid Fighter)    Turns: 3698, Time: 00:04:07

Health: -1/58      AC: 11    Str: 22    XL:     7   Next: 83%
Magic:  7/7        EV:  7    Int:  8    God:
Gold:   233        SH:  6    Dex: 13    Spells: 6/6 levels left

rFire   . . .      SeeInvis +    a - +0 war axe
rCold   . . .      Faith    .    c - +0 buckler
rNeg    . . .      Spirit   .    i - +0 chain mail
rPois   .          Reflect  .    (helmet unavailable)
rElec   .          Harm     .    (no cloak)
rCorr   .          Rampage  .    n - +0 pair of gloves
Will    .....                    t - +0 pair of boots Stlth
                                 (no amulet)
HPRegen 0.29/turn                g - ring of flight
MPRegen 0.10/turn                (no ring)

@: lethally poisoned (-1 -> -5), flying
A: permanent stasis, dig shafts and tunnels, antennae 3, four strong arms
a: Dig, Shaft Self


You were on level 5 of the Dungeon.
You visited 1 branch of the dungeon, and saw 5 of its levels.

You collected 233 gold pieces.

Inventory:

Hand Weapons
 a - a +0 war axe (weapon)
Armour
 b - a +0 scale mail
 c - a +0 buckler (worn)
 i - a +0 chain mail (worn)
 n - a +0 pair of gloves (worn)
 q - a +0 kite shield
 t - a +0 pair of boots (worn)
Jewellery
 g - a ring of flight (left hand)
 l - an amulet of faith
Wands
 v - a wand of polymorph (4)
 w - a wand of charming (4)
Scrolls
 e - 2 scrolls of teleportation {unknown}
 h - 2 scrolls of immolation
 j - 4 scrolls of identify {unknown}
 m - 2 scrolls of enchant armour {unknown}
 o - a scroll of vulnerability {unknown}
 p - a scroll of summoning {unknown}
 r - 2 scrolls of poison {unknown}
 u - a scroll of fear {unknown}
Potions
 d - a potion of might
 k - a potion of haste {unknown}
 s - a potion of curing {unknown}


   Skills:
 + Level 6.0 Fighting
 + Level 4.9 Axes
 - Level 3.3 Armour
 + Level 7.2 Shields


You had 6 spell levels left.
You didn't know any spells.
Your spell library contained the following spells:

 Spells                   Type           Power      Damage    Failure   Level
 Magic Dart               Conj           0%         1d3       99%         1
 Call Imp                 Summ           0%         N/A       100%        2
 Ensorcelled Hibernation  Hex/Ice        0%         N/A       100%        2
 Mephitic Cloud           Conj/Pois/Air  0%         N/A       100%        3
 Spider Form              Tmut/Pois      0%         N/A       100%        3
 Anguish                  Hex/Necr       0%         N/A       100%        4


Dungeon Overview and Level Annotations

Branches:
Dungeon (5/15)
 Temple: D:4-7

Altars:
Nemelex Xobeh


Innate Abilities, Weirdness & Mutations

You cannot be hasted, slowed, berserked, paralysed or teleported.
You can dig through walls and to a lower floor.
You have a pair of large antennae on your head. (SInv)
Your four strong arms can wield two-handed weapons with a shield.


Message History

You feel sick.
You are no longer poisoned.
The water moccasin closely misses you.
The water moccasin bites you but does no damage.
You slash the water moccasin!
The water moccasin is severely wounded.
You block the water moccasin's attack.
You closely miss the water moccasin.
The water moccasin is severely wounded.
You block the water moccasin's attack. x2
You barely miss the water moccasin.
The water moccasin is severely wounded.
The water moccasin bites you but does no damage.
You block the water moccasin's attack.
You barely miss the water moccasin.
The water moccasin is severely wounded.
You block the water moccasin's attack. The water moccasin bites you!
You closely miss the water moccasin.
The water moccasin is severely wounded.
The water moccasin bites you!
You closely miss the water moccasin.
The water moccasin is severely wounded.
You block the water moccasin's attack. The water moccasin bites you!
* * * LOW HITPOINT WARNING * * *
You are poisoned.
The water moccasin poisons you!
You closely miss the water moccasin.
The water moccasin is severely wounded.
You feel very sick. You block the water moccasin's attack.
The water moccasin bites you.
* * * LOW HITPOINT WARNING * * *
You closely miss the water moccasin.
The water moccasin is severely wounded.
* * * LOW HITPOINT WARNING * * *
You feel sick. You block the water moccasin's attack.
The water moccasin barely misses you.
It was a potion of cancellation.
You feel magically purged.
* * * LOW HITPOINT WARNING * * *
You feel sick. The water moccasin bites you.
You die...

#...........#
#.#####.....# #.#
#.###.# #.#####.# #.#
..##....# #.#
#.......###<# ####
#...........# .....
............######......
#......####...<.@.......
#......# #...(..S(.....
#......# #............(
######## #.######......
#.# ...... #.# ......
#.# ##### #..


You could see a water moccasin.

Vanquished Creatures
  A steam dragon (D:5)
  An ice beast (D:4)
  A phantom (D:5)
  A necrophage (D:4)
  A scorpion (D:4)
  A jelly (D:4)
  A hound (D:5)
  An iguana (D:4)
  5 adders
  4 gnolls (D:3)
  A worm (D:2)
  2 dart slugs
  2 orcs
  5 ball pythons
  5 bats (D:1)
  11 endoplasms
  A giant cockroach (D:1)
  8 goblins
  4 hobgoblins
  2 quokkas (D:1)
  A frilled lizard (D:2)
  3 kobolds
  5 rats
67 creatures vanquished.

Notes
Turn   | Place    | Note
-------+----------+-------------------------------------------
     0 | D:1      | hikkokomori the Formicid Fighter began the quest for the
                  | Orb.
     0 | D:1      | Reached XP level 1. HP: 18/18 MP: 1/1
   298 | D:1      | Reached XP level 2. HP: 23/24 MP: 2/2
   372 | D:1      | Found a faded altar of an unknown god.
   456 | D:1      | Reached XP level 3. HP: 24/30 MP: 3/3
  1265 | D:2      | Reached XP level 4. HP: 31/37 MP: 4/4
  1474 | D:2      | You are sucked into a shaft and drop 2 floors!
  1475 | D:4      | Noticed an ice beast
  1602 | D:3      | Found a sparkling altar of Nemelex Xobeh.
  1777 | D:3      | Reached skill level 5 in Shields
  1789 | D:3      | Reached XP level 5. HP: 36/42 MP: 5/5
  2507 | D:4      | Noticed an ogre
  2520 | D:3      | You are sucked into a shaft and drop 1 floor!
  2553 | D:4      | Killed an ice beast
  2554 | D:4      | Reached XP level 6. HP: 23/50 MP: 6/6
  2587 | D:4      | Reached skill level 5 in Fighting
  2587 | D:4      | Reached skill level 6 in Shields
  2920 | D:4      | Reached XP level 7. HP: 35/56 MP: 7/7
  3372 | D:5      | Entered Level 5 of the Dungeon
  3477 | D:5      | Noticed a steam dragon
  3499 | D:5      | Killed a steam dragon
  3500 | D:5      | Reached skill level 7 in Shields
  3676 | D:5      | Noticed a water moccasin
  3698 | D:5      | Slain by a water moccasin

Illustrated notes

Levels and vault maps discovered:
D:1:      minmay_arrival_shattered_statue, layout_loops_ring, serial_rivers,
          chequers_serial_rivers_micro_b, chequers_serial_rivers_micro_b,
          chequers_serial_rivers_small_a, chequers_serial_rivers_small_a,
          chequers_serial_rivers_micro_b, chequers_serial_rivers_large_b,
          hellmonk_ecumenical_altar_blasted, minmay_domino_2
D:2:      layout_loops_ring
D:3:      layout_loops_ring, nicolae_overflow_hidden_temple,
          mainiacjoe_overflow_alcove_1
D:4:      layout_cave_pools
D:5:      layout_basic, mainiacjoe_overflow_alcove_2,
          nicolae_kikubaaqudgha_miasma_corner

Skill      XL: |  1  2  3  4  5  6  7 |
---------------+----------------------+-----
Fighting       | 4 5 6 |  6.0
Axes           | 3 4 |  4.9
Shields        | 5 6 7 |  7.2
Armour         | |  3.3

Action                   |  1- 3 |  4- 6 |  7- 9 || total
-------------------------+-------+-------+-------++-------
Melee: War axe           |    97 |    87 |    52 ||   236
 Abil: Dig               |     1 |       |       ||     1
       Shaft Self        |       |     1 |       ||     1
  Use: Potion            |       |       |     3 ||     3
Armor: Scale mail        |    19 |       |       ||    19
       Chain mail        |    50 |    45 |    48 ||   143
Dodge: Dodged            |    37 |    36 |    23 ||    96
Block: Buckler           |    19 |    30 |    28 ||    77

Table legend: (Time is in decaauts)
 A = Elapsed time spent in this place.
 B = Non-inter-level travel time spent in this place.
 C = Inter-level travel time spent in this place.
 D = Time resting spent in this place.
 E = Time spent auto-exploring this place.
 F = Levels seen in this place.
 G = Mean time per level.
                   A        B        C        D        E       F      G
               +--------+--------+--------+--------+--------+-----+--------+
         Total |   3838 |   3654 |    184 |     14 |   2970 |   5 |  767.6 |
       Dungeon |   3838 |   3654 |    184 |     14 |   2970 |   5 |  767.6 |
               +--------+--------+--------+--------+--------+-----+--------+

Top non-repeatable levels by time:
     D:1: 993 daAuts
     D:3: 882 daAuts
     D:4: 881 daAuts
     D:2: 745 daAuts
     D:5: 336 daAuts
